 Dungeon Crawl Stone Soup version 0.26-a0-812-g31a745ddcd (webtiles) character file.

Game seed: 17825660449610065379

1177 Borgoz the Chopper (level 8, -7/71 HPs)
             Began as a Hill Orc Monk on Dec 7, 2020.
             Was an Initiate of Gozag.
             Mangled by Pikel
             ... wielding a +1 whip of electrocution
              (19 damage)
             ... on level 7 of the Dungeon.
             The game lasted 00:08:10 (7840 turns).

Borgoz the Chopper (Hill Orc Monk)                  Turns: 7840, Time: 00:08:10

Health: -7/71      AC:  8    Str: 15    XL:     8   Next: 41%
Magic:  8/8        EV: 11    Int: 10    God:    Gozag
Gold:   503        SH:  0    Dex: 14    Spells: 7/7 levels left

rFire    . . .     SeeInvis .   a - +1 hand axe
rCold    . . .     Faith    .   (no shield)
rNeg     . . .     Spirit   .   l - +1 scale mail
rPois    .         Reflect  .   (no helmet)
rElec    .         Harm     .   (no cloak)
rCorr    .         Rampage  .   (no gloves)
MR       .....                  (no boots)
Stlth    ..........             (no amulet)
HPRegen  0.21/turn              (no ring)
MPRegen  0.11/turn              (no ring)

@: mighty
A: no striking features
a: Potion Petition, Call Merchant, Bribe Branch, Renounce Religion


You were on level 7 of the Dungeon.
You worshipped Gozag.
Gozag was pleased with you.
You visited 2 branches of the dungeon, and saw 8 of its levels.

You collected 503 gold pieces.

Inventory:

Hand Weapons
 a - a +1 hand axe (weapon)
 b - a +0 mace
Armour
 k - the +0 chain mail of Conscience {rElec Str+3 Slay-2}
   (You found it on level 4 of the Dungeon)

   It affects your strength (+3).
   It affects your accuracy and damage with ranged weapons and melee attacks
   (-2).
   It insulates you from electricity.
 l - a +1 scale mail (worn)
Jewellery
 e - an uncursed ring of ice
 r - a +6 ring of strength {unknown}
Wands
 n - a wand of random effects (13)
 o - a wand of disintegration (17)
Scrolls
 c - 7 scrolls of remove curse
 d - a scroll of amnesia
 g - a scroll of enchant weapon
 h - 3 scrolls of teleportation
 q - a scroll of blinking {unknown}
Potions
 f - a potion of might
 i - 2 potions of curing {unknown}
 j - 3 potions of brilliance
 m - a potion of degeneration {unknown}
 p - a potion of mutation


   Skills:
 + Level 6.9 Fighting
 + Level 7.5 Axes
 + Level 5.1 Armour
 + Level 4.7 Dodging
 - Level 1.5 Stealth


You had 7 spell levels left.
You didn't know any spells.
Your spell library was empty.

Dungeon Overview and Level Annotations

Branches:
Dungeon (7/15)             Temple (1/1) D:5

Altars:
Ashenzari
Cheibriados
Dithmenos
Elyvilon
Fedhas
Gozag
Hepliaklqana
Kikubaaqudgha
Makhleb
Nemelex Xobeh
Okawaru
Qazlal
Ru
Sif Muna
Trog
Uskayaw
Vehumet
Wu Jian
Xom
Yredelemnul
Zin
The Shining One

Annotations:
D:3 Blork the orc
D:7 Pikel


Message History

Pikel hits you with a +1 whip of electrocution.
You are electrocuted!!
* * * LOW HITPOINT WARNING * * *
The lemure hits you.
* * * LOW HITPOINT WARNING * * *
The lemure closely misses you. The lemure barely misses you.
You feel very mighty all of a sudden. The lemure hits you.
* * * LOW HITPOINT WARNING * * *
Pikel hits you but does no damage. The lemure completely misses you.
The lemure hits you.
* * * LOW HITPOINT WARNING * * *
The lemure closely misses you.
You slash Pikel!
Pikel is severely wounded.
You hit the lemure. You barely miss the lemure. You hit the lemure.
You closely miss the lemure. Pikel hits you but does no damage.
You are electrocuted!!
You die...
Your body crumbles into a pile of gold.

#..... $ #)....
.##.... ......! $
....#..## .
.!......# ...
.....#K5### ....
......5@5.####...#
$......5......$...#
.......##.......#..
...................
...>............#..
#..............##.
.................
###..............?
##.....##........


You could see Pikel and 4 lemures.

Vanquished Creatures
  Duvessa (D:6)
  A phantom (D:4)
  2 bullfrogs (D:6)
  Dowan (D:6)
  2 scorpions
  2 hounds
  A jelly (D:5)
  2 orc priests
  5 orc wizards
  A bullfrog skeleton (D:5)
  4 iguanas
  5 worker ants
  A killer bee zombie (D:6)
  9 adders
  A white imp (D:5)
  An ooze (D:5)
  3 worms
  2 dart slugs (D:2)
  3 leopard geckos
  6 orcs
  5 bats
  3 giant cockroaches
  6 goblins
  2 hobgoblins (D:1)
  6 jackals
  4 quokkas
  2 ball pythons (D:3)
  4 frilled lizards
  5 kobolds
  A leopard gecko skeleton (D:6)
  A quokka skeleton (D:6)
  6 rats
98 creatures vanquished.

Notes
Turn   | Place    | Note
-------+----------+-------------------------------------------
     0 | D:1      | Borgoz the Hill Orc Monk began the quest for the Orb.
     0 | D:1      | Reached XP level 1. HP: 19/19 MP: 1/1
   134 | D:1      | Reached XP level 2. HP: 17/27 MP: 2/2
   432 | D:1      | Reached skill level 1 in Armour
   794 | D:1      | Reached XP level 3. HP: 33/33 MP: 3/3
  1226 | D:2      | Reached XP level 4. HP: 24/40 MP: 4/4
  1408 | D:2      | Found a shimmering altar of Xom.
  1409 | D:2      | Found a shimmering altar of Xom.
  1471 | D:2      | Found a shimmering altar of Xom.
  1471 | D:2      | Found a shimmering altar of Xom.
  1478 | D:2      | Found a shimmering altar of Xom.
  1480 | D:2      | Found a shimmering altar of Xom.
  2233 | D:3      | Reached skill level 5 in Axes
  2415 | D:3      | Reached XP level 5. HP: 47/47 MP: 5/5
  2945 | D:3      | Noticed Blork the orc
  3263 | D:3      | Found a shimmering blue altar of Sif Muna.
  3274 | D:3      | HP: 2/47 [Blork the orc/puff of frost (7)]
  4002 | D:4      | Reached skill level 5 in Fighting
  4003 | D:4      | Reached XP level 6. HP: 49/56 MP: 6/6
  4311 | D:4      | Noticed a phantom
  4445 | D:4      | Killed a phantom
  4726 | D:4      | Got a distressingly furry chain mail
  4737 | D:4      | Identified the cursed +0 chain mail of Conscience {rElec
                  | Str+3 Slay-2} (You found it on level 4 of the Dungeon)
  4784 | D:4      | Reached skill level 6 in Axes
  4920 | D:4      | Reached XP level 7. HP: 15/61 MP: 7/7
  5214 | D:4      | Found a blossoming altar of Fedhas.
  5336 | D:5      | Entered Level 5 of the Dungeon
  5473 | D:5      | Found a staircase to the Ecumenical Temple.
  5491 | Temple   | Entered the Ecumenical Temple
  5629 | Temple   | Became a worshipper of Gozag Ym Sagoz the Greedy
  5966 | D:5      | Found a stormy altar of Qazlal.
  6792 | D:6      | Reached skill level 7 in Axes
  6792 | D:6      | Reached XP level 8. HP: 66/71 MP: 8/8
  6840 | D:6      | Noticed Duvessa
  6842 | D:6      | Noticed Dowan
  6867 | D:6      | Killed Duvessa
  6876 | D:6      | Killed Dowan
  6876 | D:6      | Reached skill level 5 in Armour
  7829 | D:7      | Noticed Pikel
  7840 | D:7      | Mangled by Pikel

Illustrated notes

Levels and vault maps discovered:
D:1:      dpeg_arrival_arbitrary_a, layout_basic, minmay_misc_feat_encased,
          minmay_misc_feat_roman
D:2:      layout_basic, xom_redecorated, kennysheep_another_room
D:3:      layout_loops_ring, tgw_sif
D:4:      layout_loops_ring, fedhas_altar_2
D:5:      layout_basic, grunt_qazlal_clouds, minmay_temple_entry_enclosed_plants
D:6:      layout_cave_pods, uniq_duvessa
D:7:      layout_cave_pools, minmay_misc_feat_rows, lemuel_old_faithful,
          uniq_pikel, uniq_maggie
Temple:   hc_temple_tempest_star

Skill      XL: |  1  2  3  4  5  6  7  8 |
---------------+-------------------------+-----
Fighting       | 4 5 6 |  6.9
Armour         | 1 2 3 4 5 |  5.1
Dodging        | 3 4 |  4.7
Axes           | 5 6 7 |  7.5
Stealth        | |  1.5

Action                   |  1- 3 |  4- 6 |  7- 9 || total
-------------------------+-------+-------+-------++-------
Melee: Hand axe          |    88 |   246 |   187 ||   521
  Use: Scroll            |     3 |     7 |     4 ||    14
       Potion            |     1 |       |     4 ||     5
 Stab: Sleeping          |     1 |       |       ||     1
Armor: Robe              |     7 |       |       ||     7
       Ring mail         |     8 |    45 |       ||    53
       Scale mail        |       |    15 |    74 ||    89
Dodge: Dodged            |    56 |   146 |   102 ||   304

Table legend: (Time is in decaauts)
 A = Elapsed time spent in this place.
 B = Non-inter-level travel time spent in this place.
 C = Inter-level travel time spent in this place.
 D = Time resting spent in this place.
 E = Time spent auto-exploring this place.
 F = Levels seen in this place.
 G = Mean time per level.
                   A        B        C        D        E       F      G
               +--------+--------+--------+--------+--------+-----+--------+
         Total |   7847 |   7607 |    240 |   2747 |   3874 |   8 |  980.9 |
       Dungeon |   7701 |   7484 |    217 |   2747 |   3756 |   7 | 1100.1 |
        Temple |    145 |    122 |     23 |      0 |    118 |   1 |  145.0 |
               +--------+--------+--------+--------+--------+-----+--------+

Top non-repeatable levels by time:
     D:4: 1737 daAuts
     D:6: 1404 daAuts
     D:3: 1392 daAuts
     D:2: 1173 daAuts
     D:1: 1047 daAuts
     D:5: 914 daAuts
  Temple: 145 daAuts
     D:7: 31 daAuts
